 Dungeon Crawl Stone Soup version 0.21.1-1-g345015f (webtiles) character file.

370 diana the Slasher (level 6, -3/40 HPs)
             Began as a Tengu Fighter on June 25, 2018.
             Was an Initiate of Okawaru.
             Slain by a worker ant (4 damage)
             ... on level 4 of the Dungeon.
             The game lasted 00:04:40 (2539 turns).

diana the Slasher (Tengu Fighter)                   Turns: 2539, Time: 00:04:42

Health: -3/40      AC:  6    Str: 16 (18) XL:     6   Next: 70%
Magic:  7/7        EV:  6    Int:  5 (8)  God:    Okawaru [......]
Gold:   218        SH:  8    Dex: 11 (14) Spells: 5/5 levels left

rFire    . . .     SeeInvis +   a - +0 long sword
rCold    . . .     Gourm    .   c - +0 shield
rNeg     . . .     Faith    .   b - +0 scale mail
rPois    .         Spirit   .   (helmet restricted)
rElec    .         Reflect  .   (no cloak)
rCorr    .         Harm     .   (no gloves)
MR       .....                  (boots unavailable)
Stlth    ..........             (no amulet)
HPRegen  0.13/turn              t - ring of wizardry
MPRegen  0.10/turn              j - ring of see invisible

@: no status effects
A: beak, talons 3, able to fly 1
a: Fly, Renounce Religion


You were on level 4 of the Dungeon.
You worshipped Okawaru.
Okawaru was noncommittal.
You were not hungry.

You visited 1 branch of the dungeon, and saw 4 of its levels.

You collected 218 gold pieces.

Inventory:

Hand Weapons
 a - a +0 long sword (weapon)
Armour
 b - a +0 scale mail (worn)
 c - a +0 shield (worn)
 n - a +0 pair of boots
 q - a +0 helmet of intelligence
Jewellery
 d - an uncursed ring of flight
 j - a ring of see invisible (right hand)
 t - a ring of wizardry (left hand)
 x - an uncursed ring of magical power {unknown}
Scrolls
 e - 2 scrolls of remove curse {unknown}
 g - 2 scrolls of random uselessness {unknown}
 i - 3 scrolls of identify {unknown}
 k - 3 scrolls of teleportation {unknown}
 m - 2 scrolls of enchant armour {unknown}
 o - a scroll of enchant weapon {unknown}
 p - 2 scrolls of fog {unknown}
 u - 3 scrolls of immolation {unknown}
Potions
 h - a potion of degeneration
 l - 2 potions of heal wounds {unknown}
 r - a potion of haste {unknown}
 s - a potion of magic {unknown}
 v - a potion of berserk rage {unknown}
Comestibles
 f - 3 rations
 w - 3 chunks of flesh


   Skills:
 + Level 4.8 Fighting
 * Level 6.3 Long Blades
 - Level 3.3 Armour
 - Level 3.0 Shields


You had 5 spell levels left.
You didn't know any spells.

Dungeon Overview and Level Annotations

Branches:
Dungeon (4/15)
 Temple: D:4-7

Altars:
Okawaru

Annotations:
D:4 Robin


Innate Abilities, Weirdness & Mutations

You have a beak for a mouth.
You have claws for feet.
You can fly.


Message History

A worker ant comes into view.
The orc priest shouts!
The worker ant waves its antennae.
Found four items.
A bullfrog skeleton comes into view.
There is a stone staircase leading up here.
You closely miss the worker ant. Your kick misses the worker ant.
Your peck misses the worker ant.
The orc priest calls down the wrath of Beogh upon you.
Beogh smites you!
* * * LOW HITPOINT WARNING * * *
The worker ant bites you but does no damage.
The orc priest mumbles some strange prayers to Beogh against you.
Pain shoots through your body!
* * * LOW HITPOINT WARNING * * *
It was a potion of degeneration.
There was something very wrong with that liquid.
You feel weakened.
You feel dopey.
You feel clumsy. The worker ant bites you.
You die...

..?..)... .....
.......Z##o ....
#......( #...#.# ####
#.#o..# #...... ...
#.....# #.. #
####.##.....#..#...# #
.......a.[........#..#
#.#<..............
#@#.#......#...... #.
#.a....(..........
#...
##.####.#.........
#....#. #....g.#
.##.##.# #.....
#....!.# ...... #....
#......# ##.##.
#...#########......# .
..
#........<.........#
#................#.#


You could see a worker ant and an orc priest.

Vanquished Creatures
  A water moccasin (D:3)
  A scorpion (D:4)
  An orc wizard (D:4)
  2 worker ants
  3 adders
  3 oozes
  A dart slug (D:2)
  2 leopard geckos (D:3)
  4 orcs
  A ball python (D:2)
  6 bats
  4 giant cockroaches
  8 goblins
  13 hobgoblins
  12 jackals
  8 kobolds
  3 quokkas
  5 frilled lizards
  12 rats
90 creatures vanquished.

Notes
Turn   | Place    | Note
-------+----------+-------------------------------------------
     0 | D:1      | diana the Tengu Fighter began the quest for the Orb.
     0 | D:1      | Reached XP level 1. HP: 14/14 MP: 2/2
    79 | D:1      | Reached XP level 2. HP: 16/19 MP: 3/3
   386 | D:1      | Reached skill level 3 in Long Blades
   423 | D:1      | Reached XP level 3. HP: 20/23 MP: 4/4
   797 | D:2      | Reached XP level 4. HP: 20/28 MP: 5/5
   802 | D:2      | Reached skill level 4 in Long Blades
  1686 | D:3      | Noticed a water moccasin
  1694 | D:3      | Killed a water moccasin
  1694 | D:3      | Reached skill level 5 in Long Blades
  1694 | D:3      | Gained mutation: You can fly. [Tengu growth]
  1694 | D:3      | Reached XP level 5. HP: 20/33 MP: 6/6
  1901 | D:3      | Reached XP level 6. HP: 27/39 MP: 7/7
  1909 | D:3      | Found an iron altar of Okawaru.
  1953 | D:3      | Became a worshipper of Warmaster Okawaru
  2349 | D:4      | Reached skill level 6 in Long Blades
  2386 | D:4      | Noticed Robin
  2538 | D:4      | HP: 1/40 [orc priest/nerve-wracking pain (10)]
  2539 | D:4      | Slain by a worker ant

Skill      XL: |  1  2  3  4  5  6 |
---------------+-------------------+-----
Long Blades    | 3 5 6 |  6.3
Fighting       | 4 |  4.8
Armour         | |  3.3
Shields        | |  3.0

Action                   |  1- 3 |  4- 6 || total
-------------------------+-------+-------++-------
Melee: Long sword        |    67 |   120 ||   187
       Kick              |    13 |    37 ||    50
       Peck              |     7 |    18 ||    25
  Use: Potion            |     1 |     3 ||     4
  Eat: Chunk             |       |     5 ||     5
Armor: Scale mail        |    24 |    48 ||    72
Dodge: Dodged            |    22 |    41 ||    63
Block: Shield            |    34 |    74 ||   108
       Rpst.: Long sword |     8 |    11 ||    19
